 Dungeon Crawl Stone Soup version 0.27.1 (webtiles) character file.

Game seed: 9685647153675871872

95 ZARRMARR the Insei (level 4, -8/29 HPs)
             Began as an Octopode Transmuter on Sept 2, 2021.
             Killed from afar by a white imp (12 damage)
             ... with a puff of frost
             ... on level 3 of the Dungeon.
             The game lasted 00:10:43 (3268 turns).

ZARRMARR the Insei (Octopode Transmuter)            Turns: 3268, Time: 00:10:44

Health: -8/29      AC:  1    Str:  9    XL:     4   Next: 65%
Magic:  7/7        EV: 13    Int: 16    God:
Gold:   103        SH:  0    Dex: 12    Spells: 6/7 levels left

rFire    . . .     SeeInvis .     - Unarmed
rCold    . . .     Faith    .   (no shield)
rNeg     . . .     Spirit   .   (helmet restricted)
rPois    +         Reflect  .   (no amulet)
rElec    .         Harm     .   d - ring of poison resistance
rCorr    .         Rampage  .   (no ring)
Will     .....                  (no ring)
Stlth    +++.......             (no ring)
HPRegen  0.09/turn              (no ring)
MPRegen  0.10/turn              (no ring)
                                (no ring)
                                (no ring)

@: no status effects
A: almost no armour, amphibious, 8 rings, camouflage 1, gelatinous body 1,
(nimble swimmer 1), tentacles
a: no special abilities


You were on level 3 of the Dungeon.
You visited 1 branch of the dungeon, and saw 3 of its levels.

You collected 103 gold pieces.

Inventory:

Missiles
 c - 7 poisoned darts (quivered)
Jewellery
 d - a ring of poison resistance (left tentacle)
Scrolls
 b - a scroll of teleportation
 h - a scroll of identify
Potions
 a - a potion of attraction
 f - a potion of flight
 g - a potion of brilliance


   Skills:
 * Level 2.0 Fighting
 * Level 2.5 Dodging
 * Level 2.9 Stealth
 + Level 4.0 Unarmed Combat
 - Level 2.0 Spellcasting
 - Level 2.0 Transmutations


You had 6 spell levels left.
You knew the following spells:

 Your Spells              Type           Power      Damage    Failure   Level
a - Beastly Appendage     Tmut           16%        N/A       9%          1

Your spell library contained the following spells:

 Spells                   Type           Power      Damage    Failure   Level
 Wereblood                Tmut           8%         N/A       14%         2
 Spider Form              Tmut/Pois      2%         N/A       38%         3
 Ice Form                 Ice/Tmut       4%         N/A       80%         4


Dungeon Overview and Level Annotations

Branches:
Dungeon (3/15)

Altars:
Zin


Innate Abilities, Weirdness & Mutations

You cannot wear most types of armour.
You are amphibious.
You can wear up to eight rings at the same time.
Your skin changes colour to match your surroundings (Stealth+).
Your rubbery body absorbs attacks. (AC +1, EV +1)
((You are camouflaged near water. (Stealth+)))
You have tentacles for arms and can constrict up to eight enemies at once.


Message History

The poisoned dart closely misses the ball python.
The poisoned dart hits the kobold.
The kobold is poisoned.
The kobold shouts!
Something shouts, "Slither away, thou bumbling toad-spotted whey-face!"
You tentacle-slap the ball python.
You kill the ball python!
Your transformation is almost over.
You kill the kobold!
Found a glowing spear.
Things that are here:
a +0 short sword; 2 poisoned darts You tentacle-slap the white imp but do no damage.
Your grab misses the white imp.
You pierce the white imp, but do no damage.
The white imp gestures at you. The puff of frost hits you!
You barely miss the white imp. Your grab misses the white imp.
You pierce the white imp.
The white imp is severely wounded.
The white imp hits you. The white imp freezes you.
You tentacle-slap the white imp but do no damage.
Your grab misses the white imp.
Your tentacle spike misses the white imp.
The white imp is severely wounded.
The white imp hits you but does no damage.
You tentacle-slap the white imp but do no damage.
You grab the white imp.
You pierce the white imp, but do no damage.
The white imp is severely wounded.
Your tentacle spike disappears.
You constrict the white imp. The white imp gestures at you.
The puff of frost hits you!
* * * LOW HITPOINT WARNING * * *
You tentacle-slap the white imp but do no damage.
The white imp is severely wounded.
You constrict the white imp. The white imp gestures at you.
The puff of frost hits you!
You die...

##. ##
.. .#
#.##.##
.....
#...#
.(.#
#.5####
#@.)..#
#.###.#
#.# #.#
#.# #.#
#.##
#..#
###
##.#


You could see a white imp.

Vanquished Creatures
  A gnoll (D:3)
  3 adders
  2 worms (D:2)
  A dart slug (D:1)
  2 bats
  2 endoplasms (D:1)
  3 giant cockroaches
  4 goblins
  3 hobgoblins (D:1)
  6 jackals (D:1)
  3 quokkas
  4 ball pythons
  4 frilled lizards (D:2)
  6 kobolds
  6 rats (D:1)
50 creatures vanquished.

Notes
Turn   | Place    | Note
-------+----------+-------------------------------------------
     0 | D:1      | ZARRMARR the Octopode Transmuter began the quest for the
                  | Orb.
     0 | D:1      | Reached XP level 1. HP: 13/13 MP: 3/3
   307 | D:1      | Reached XP level 2. HP: 15/18 MP: 3/5
   465 | D:1      | Reached skill level 1 in Stealth
  1204 | D:1      | Reached XP level 3. HP: 23/23 MP: 4/6
  1491 | D:1      | Found a faded altar of an unknown god.
  1557 | D:2      | Found a glowing silver altar of Zin.
  2041 | D:2      | Reached XP level 4. HP: 29/29 MP: 5/7
  2874 | D:3      | Reached skill level 4 in Unarmed Combat
  3268 | D:3      | Killed from afar by a white imp

Illustrated notes

Levels and vault maps discovered:
D:1:      dpeg_arrival_stonehenge_8_columns, layout_basic,
          chequers_ecumenical_altar_lobes
D:2:      layout_basic, basic_altar, grunt_decor_junction, grunt_ministairs_12,
          minmay_split_cup_small
D:3:      layout_loops_ring, minitemple

Skill      XL: |  1  2  3  4 |
---------------+-------------+-----
Stealth        | 1 2 |  2.9
Fighting       | 2 |  2.0
Unarmed Combat | 4 |  4.0
Dodging        | |  2.5
Spellcasting   | |  2.0
Transmutations | |  2.0

Action                   |  1- 3 |  4- 6 || total
-------------------------+-------+-------++-------
Melee: Unarmed           |    60 |    26 ||    86
       Kick              |    16 |     8 ||    24
       Tentacles         |    13 |       ||    13
       Constrict         |    16 |     3 ||    19
       Punch             |     1 |       ||     1
Throw: Dart              |    19 |     6 ||    25
 Cast: Beastly Appendage |    26 |    12 ||    38
  Use: Scroll            |     5 |     2 ||     7
 Stab: Sleeping          |     5 |     3 ||     8
Armor: Skin              |     2 |     2 ||     4
Dodge: Dodged            |    22 |     9 ||    31
